 Dungeon Crawl Stone Soup version 0.30.1-11-g7821555f0a (webtiles) character file.

Game seed: 5682356888442320418

62 VictoriousLee the Cudgeller (level 3, -4/27 HPs)
             Began as a Demonspawn Reaver on Nov 15, 2023.
             Was an Initiate of Gozag.
             Slain by an iguana (9 damage)
             ... on level 3 of the Dungeon.
             The game lasted 00:08:13 (1936 turns).

VictoriousLee the Cudgeller (Demonspawn Reaver)     Turns: 1936, Time: 00:08:14

Health: -4/27      AC:  5    Str: 14    XL:     3   Next: 85%
Magic:  6/6        EV: 11    Int: 14    God:    Gozag
Gold:   105        SH:  0    Dex: 11    Spells: 5/6 levels left

rFire   . . .        a - +0 mace
rCold   . . .        (no shield)
rNeg    . . .        b - +0 leather armour
rPois   .            (no helmet)
rElec   .            (no cloak)
rCorr   .            (no gloves)
SInv    .            p - +1 pair of boots
Will    .....        (no amulet)
Stlth   +            (no ring)
HPRegen 0.24/turn    (no ring)
MPRegen 0.10/turn

%: no passive effects
@: gold aura
A: spiny 1
a: Renounce Religion, Potion Petition, Call Merchant, Bribe Branch


You were on level 3 of the Dungeon.
You worshipped Gozag.
Gozag was aware of your devotion.
You visited 1 branch of the dungeon, and saw 3 of its levels.

You collected 144 gold pieces.
You paid 39 gold pieces to Gozag.

Inventory:

Hand Weapons
 a - a +0 mace (weapon)
 k - a +2 dagger of draining
Armour
 b - a +0 leather armour (worn)
 d - a +0 ring mail
 p - a +1 pair of boots (worn)
 s - a +0 leather armour
Magical Staves
 j - a staff of poison
Jewellery
 g - a +6 ring of dexterity
 i - an amulet of faith
Scrolls
 e - 3 scrolls of teleportation
 h - a scroll of enchant weapon {unknown}
 n - a scroll of torment {unknown}
Potions
 c - a potion of haste {unknown}
 f - a potion of curing {unknown}
 l - a potion of flight {unknown}
 m - 2 potions of invisibility {unknown}
 o - a potion of attraction {unknown}
 q - a potion of heal wounds {unknown}
 r - a potion of degeneration {unknown}


   Skills:
 - Level 2.0 Fighting
 + Level 4.4 Maces & Flails
 - Level 1.7 Dodging
 - Level 2.0 Spellcasting
 - Level 3.0 Conjurations


You had 5 spell levels left.
You knew the following spells:

 Your Spells              Type           Power      Damage    Failure   Level
a - Kiss of Death         Conj/Necr      20%        2d7       16%         1

Your spell library contained the following spells:

 Spells                   Type           Power      Damage    Failure   Level
 Magic Dart               Conj           36%        1d4       9%          1
 Momentum Strike          Conj/Tloc      10%        3d8       24%         2
 Call Imp                 Summ           2%         N/A       41%         2
 Hailstorm                Conj/Ice       5%         3d4       43%         3
 Mephitic Cloud           Conj/Pois/Air  4%         N/A       52%         3
 Gell's Gravitas          Tloc           1%         N/A       65%         3
 Teleport Other           Tloc           1%         N/A       65%         3
 Dispersal                Tloc           0%         N/A       100%        6


Dungeon Overview and Level Annotations

Branches:
Dungeon (3/15)

Altars:
Gozag

Shops:
D:2 :(   D:3 [


Innate Abilities, Weirdness & Mutations

You are partially covered in sharp spines.


Message History

You start resting.
HP restored.
You climb downwards.
The iguana hisses angrily.
The goblin hits you with a +0 club. The goblin hits you but does no damage.
There is a stone staircase leading up here.
You hit the iguana but do no damage. The iguana barely misses you.
The goblin hits you with a +0 club.
You completely miss the iguana. The goblin hits you but does no damage.
The iguana bites you but does no damage.
You hit the iguana.
The iguana is lightly wounded.
The iguana barely misses you. The goblin hits you but does no damage.
You closely miss the iguana.
The iguana is lightly wounded.
The iguana is struck by your spines. The iguana bites you!
* * * LOW HITPOINT WARNING * * *
The goblin misses you. The goblin is struck by your spines.
You kill the goblin!
The iguana bites you.
* * * LOW HITPOINT WARNING * * *
You barely miss the iguana.
The iguana is moderately wounded.
An orc comes into view.
It is wielding a +0 club and quivering silver boomerangs.
The iguana is struck by your spines. The iguana barely misses you.
The orc shouts!
You hit the iguana.
The iguana is heavily wounded.
The iguana is distracted by your dazzling golden aura.
You closely miss the iguana.
The iguana is no longer distracted by gold.
The iguana hisses angrily.
The iguana is heavily wounded.
The iguana closely misses you.
You barely miss the iguana.
The iguana is heavily wounded.
The orc is distracted by your dazzling golden aura.
The iguana bites you!
You die...
Your body crumbles into a pile of gold.

...... ...
.....##.. .
#........ ..
#.......# ... #...
...# .... ####..∩
..# .....
#.....$###.#......
......$@l$..o...#
#....##.$.......#
##...........(....
.......#.##.....
#.........#.....
#.........# r...
#.........# ...
#.........# ...


You could see an iguana and an orc (unaware).

Vanquished Creatures
  2 worms (D:2)
  4 dart slugs
  4 orcs (D:3)
  4 ball pythons
  4 endoplasms
  2 giant cockroaches
  3 goblins
  3 hobgoblins (D:1)
  2 quokkas (D:1)
  3 bats
  3 frilled lizards
  7 kobolds
  2 rats
43 creatures vanquished.

Notes
Turn   | Place    | Note
-------+----------+-------------------------------------------
     0 | D:1      | VictoriousLee the Demonspawn Reaver began the quest for the
                  | Orb.
     0 | D:1      | Reached XP level 1. HP: 16/16 MP: 3/3
    80 | D:1      | Found a faded altar of an unknown god.
   190 | D:1      | Reached skill level 3 in Maces & Flails
   264 | D:1      | Gained mutation: You are partially covered in sharp spines.
                  | [demonic ancestry]
   264 | D:1      | Reached XP level 2. HP: 21/22 MP: 5/5
   974 | D:2      | Reached XP level 3. HP: 27/27 MP: 6/6
  1135 | D:2      | Found Elaoh's Antique Weapon Shoppe.
  1223 | D:2      | Reached skill level 4 in Maces & Flails
  1275 | D:2      | Found Beh Hew's Book Shoppe.
  1694 | D:2      | Found an opulent altar of Gozag.
  1743 | D:2      | Became a worshipper of Gozag Ym Sagoz the Greedy
  1810 | D:3      | Found Poutoh's Antique Armour Shop.
  1936 | D:3      | Slain by an iguana

Illustrated notes

Levels and vault maps discovered:
D:1:      saegor_arrival_simple_e, layout_loops_ring,
          shapermc_ecumenical_altar_mp_highgroup, st_stairs_11
D:2:      layout_basic, serial_shops, nicolae_shop_trees, nicolae_shop_trees,
          minmay_hexomino_r4
D:3:      layout_basic, serial_shops, shop, shop, shop, uniq_grinder,
          uniq_jessica

Skill      XL: |  1  2  3 |
---------------+----------+-----
Maces & Flails | 3 4 |  4.4
Fighting       | |  2.0
Dodging        | |  1.7
Spellcasting   | |  2.0
Conjurations   | |  3.0

Action                     || total
---------------------------++-------
  Melee: Mace              ||   105
   Cast: Kiss of Death     ||     1
    Use: Scroll            ||     1
 Armour: Leather armour    ||    29
  Dodge: Dodged            ||    36
